[Event "Titled Tuesday Blitz August 10 2021"]
[White "Shuvalov, Evgenij"]
[Black "Tang, Andrew"]
[WhiteFideId "4187237"]
[BlackFideId "2059630"]
[WhiteElo "2163"]
[BlackElo "2588"]
[Result "1-0"]
[Round "01"]
[TimeControl "180+1"]
[Date "2021.08.10"]
[WhiteClock "0:01:16"]
[BlackClock "0:00:17"]

1. Nf3 d5 2. c4 e6 3. g3 Nf6 4. Bg2 Be7 5. b3 O-O 6. Bb2 c5 7. O-O b6 8. e3 Bb7 9. Nc3 dxc4 10. bxc4 Nc6 11. d3 Qc7 12. Qe2 Rfd8 13. Rad1 a6 14. Ba1 b5 15. cxb5 axb5 16. Nxb5 Qa5 17. Nc3 Nb4 18. Rd2 Nfd5 19. Nxd5 exd5 20. Rb1 Qa3 21. Rb3 Qa4 22. Qd1 Ba6 23. Ne5 Nxa2 24. Qh5 g6 25. Nxg6 fxg6 26. Bxd5+ Kf8 27. Qf3+ Ke8 28. Bc6+ Qxc6 29. Qxc6+ Kf7 30. Rxa2 Bb7 31. Rxb7 Rxa2 32. Qf6+ 1-0


[Site "https://www.chess.com"]

[Event "Titled Tuesday Blitz August 10 2021"]
[White "Svane, Rasmus"]
[Black "Odegov, Artem"]
[WhiteFideId "4657101"]
[BlackFideId "34183644"]
[WhiteElo "2669"]
[BlackElo "2257"]
[Result "1-0"]
[Round "01"]
[TimeControl "180+1"]
[Date "2021.08.10"]
[WhiteClock "0:00:17"]
[BlackClock "0:00:04"]

1. Nf3 Nf6 2. g3 d5 3. Bg2 c6 4. O-O Bg4 5. h3 Bxf3 6. Bxf3 e5 7. d3 Nbd7 8. e4 Bd6 9. Nc3 O-O 10. exd5 cxd5 11. Nxd5 Nxd5 12. Bxd5 Rc8 13. Bxb7 Rc7 14. Bg2 Qe7 15. c3 Rd8 16. Qe2 Nf8 17. Re1 Qf6 18. Bd2 h6 19. Rad1 Ne6 20. Bc1 a5 21. Bd5 Bc5 22. Bxe6 fxe6 23. Be3 Rf8 24. Bxc5 Rxc5 25. d4 exd4 26. Rxd4 Rf5 27. Rf1 Kh8 28. Re4 e5 29. b4 a4 30. b5 Rc8 31. Rxa4 Rxc3 32. Re4 Rcf3 33. a4 Qb6 34. Kg2 Qb7 35. Qxf3 Rxf3 36. Kxf3 Qf7+ 37. Kg2 Qd5 38. Re1 g5 39. Kg1 h5 40. Rxe5 Qd2 41. R5e2 Qb4 42. Ra1 g4 43. h4 Qd4 44. Rea2 Qb6 45. a5 Qxb5 46. a6 Qc6 47. a7 Qa8 48. Rb2 Kh7 49. Rb8 Qf3 50. a8=Q Qf6 51. Ra7+ Kg6 52. Qe4+ Qf5 53. Rb6# 1-0


[Site "https://www.chess.com"]

[Event "Titled Tuesday Blitz August 10 2021"]
[White "Tronenkovs, Valdis"]
[Black "Sarana, Alexey"]
[WhiteFideId "11601558"]
[BlackFideId "24133795"]
[WhiteElo "2232"]
[BlackElo "2646"]
[Result "0-1"]
[Round "01"]
[TimeControl "180+1"]
[Date "2021.08.10"]
[WhiteClock "0:00:02"]
[BlackClock "0:02:01"]

1. e4 c5 2. Ne2 d6 3. c3 Nf6 4. g3 Bg4 5. Bg2 Nc6 6. h3 Bxe2 7. Qxe2 g6 8. O-O Bg7 9. Rd1 Nd7 10. d3 O-O 11. Be3 Rc8 12. Nd2 b5 13. Nf3 b4 14. d4 bxc3 15. bxc3 Qa5 16. Qd3 Nb6 17. h4 cxd4 18. cxd4 Nb4 19. Bd2 Nxd3 20. Bxa5 Nb2 21. Rdc1 N6c4 22. Bc3 Na4 23. Be1 Na3 24. Bd2 Nc2 25. Rab1 Nxd4 26. Nxd4 Bxd4 27. Rb4 Rxc1+ 28. Bxc1 Nc3 29. Bf1 Bb6 30. a4 Nd1 31. Rc4 Bxf2+ 32. Kg2 Ne3+ 33. Bxe3 Bxe3 34. Rc7 e6 35. Bc4 Bc5 36. Kf3 Rb8 37. e5 Rb4 38. exd6 Bxd6 39. Bb5 Bxc7 0-1


[Site "https://www.chess.com"]

[Event "Titled Tuesday Blitz August 10 2021"]
[White "Yoo, Christopher Woojin"]
[Black "Vasli, Aref"]
[WhiteFideId "30909694"]
[BlackFideId "417521"]
[WhiteElo "2105"]
[BlackElo "2257"]
[Result "1-0"]
[Round "01"]
[TimeControl "180+1"]
[Date "2021.08.10"]
[WhiteClock "0:00:06"]
[BlackClock "0:00:14"]

1. e4 e5 2. Nf3 Nc6 3. Bc4 Bc5 4. b4 Bb6 5. b5 Na5 6. Be2 Nf6 7. d3 O-O 8. O-O h6 9. c4 d6 10. Nc3 Bg4 11. Bb2 c6 12. h3 Bxf3 13. Bxf3 Bd4 14. Qd2 a6 15. Rab1 axb5 16. cxb5 c5 17. Bc1 c4 18. Ne2 Bc5 19. d4 exd4 20. Nxd4 Re8 21. Re1 Qb6 22. Bb2 Nd7 23. Bc3 Ne5 24. Be2 Nd3 25. Bxd3 Bxd4 26. Bxa5 Rxa5 27. Bxc4 Bc5 28. Rb3 Rea8 29. Rg3 Kf8 30. Qf4 f6 31. Qf5 Rxa2 32. Qd5 Bxf2+ 33. Kh1 Qc7 34. Qg8+ Ke7 35. Rxg7# 1-0


[Site "https://www.chess.com"]

[Event "Titled Tuesday Blitz August 10 2021"]
[White "Zhigalko, Sergei"]
[Black "Przybylski, Wojciech"]
[WhiteFideId "13502956"]
[BlackFideId "1117599"]
[WhiteElo "2662"]
[BlackElo "2250"]
[Result "1-0"]
[Round "01"]
[TimeControl "180+1"]
[Date "2021.08.10"]
[WhiteClock "0:00:34"]
[BlackClock "0:00:01"]

1. e4 e5 2. Nf3 Nc6 3. Bc4 Nf6 4. d3 Be7 5. O-O O-O 6. Nbd2 d6 7. c3 Na5 8. Bb5 c5 9. Re1 a6 10. Ba4 b5 11. Bc2 Nc6 12. h3 Re8 13. Nf1 h6 14. Ng3 Bf8 15. d4 cxd4 16. cxd4 exd4 17. Nxd4 Ne5 18. b3 Bb7 19. Bb2 Rc8 20. Rc1 Ng6 21. Ndf5 Nf4 22. Qf3 g5 23. h4 Nd7 24. Nh5 Ne5 25. Qd1 Nfg6 26. hxg5 Qxg5 27. Re3 Ng4 28. Qxg4 Qxg4 29. Nf6+ Kh8 30. Nxg4+ Ne5 31. f4 h5 32. Nf6 Re6 33. fxe5 dxe5 34. Nd7 Bg7 35. Bd3 Bf6 36. Nxf6 1-0


[Site "https://www.chess.com"]

[Event "Titled Tuesday Blitz August 10 2021"]
[White "Andreikin, Dmitry"]
[Black "Khoroshev, Nikita"]
[WhiteFideId "4158814"]
[BlackFideId "14200287"]
[WhiteElo "2782"]
[BlackElo "2328"]
[Result "0-1"]
[Round "02"]
[TimeControl "180+1"]
[Date "2021.08.10"]
[WhiteClock "0:00:21"]
[BlackClock "0:00:28"]

1. Nf3 d5 2. e3 Nf6 3. c4 c6 4. Nc3 a6 5. d4 Bg4 6. h3 Bxf3 7. Qxf3 e6 8. Bd3 Nbd7 9. O-O Bb4 10. Bd2 O-O 11. Rfd1 Ba5 12. Rac1 Re8 13. a3 Bc7 14. e4 dxe4 15. Nxe4 Nxe4 16. Qxe4 Nf6 17. Qh4 Qd6 18. g3 Qe7 19. d5 exd5 20. cxd5 cxd5 21. Bg5 Be5 22. Bxh7+ Kf8 23. Be4 Qe6 24. Bxd5 Qf5 25. Qh8+ Ng8 26. Be3 Rac8 27. Bxb7 Rxc1 28. Rxc1 Bd6 29. Rc3 Qb1+ 30. Kg2 Qxb2 31. Bc6 Qxc3 32. Bxe8 Qc4 33. Bd7 Qe4+ 34. Kh2 Bxa3 35. Qh5 Bb4 36. Bf5 Qe5 37. Qg4 Bc5 38. Qh4 g6 39. Qe4 Qxe4 40. Bxc5+ Qe7 41. Bxe7+ Kxe7 42. Bc2 Nf6 43. g4 a5 44. Kg3 Nd5 45. h4 Nc3 46. Kf4 a4 47. Kg5 a3 48. Bb3 a2 49. Bxa2 Nxa2 50. h5 gxh5 51. gxh5 Nc3 52. Kf5 Nd5 53. h6 Nf6 54. f3 Nh7 55. Ke5 f6+ 56. Kf5 Kf7 57. f4 Nf8 58. Ke4 Kg6 59. Kd5 Kxh6 60. Kd6 Kg6 61. Ke7 Nh7 62. Ke6 f5 63. Ke5 Ng5 64. fxg5 Kxg5 65. Kd4 Kg4 66. Ke3 Kg3 67. Ke2 f4 68. Kf1 Kf3 69. Kg1 Ke2 70. Kg2 f3+ 0-1


[Site "https://www.chess.com"]

[Event "Titled Tuesday Blitz August 10 2021"]
[White "Bluebaum, Matthias"]
[Black "Liyanage, Ranindu Dilshan"]
[WhiteFideId "24651516"]
[BlackFideId "9915834"]
[WhiteElo "2685"]
[BlackElo "1839"]
[Result "1-0"]
[Round "02"]
[TimeControl "180+1"]
[Date "2021.08.10"]
[WhiteClock "0:01:41"]
[BlackClock "0:00:30"]

1. d4 Nf6 2. c4 e6 3. Nc3 Bb4 4. e3 O-O 5. Bd2 b6 6. Bd3 Bb7 7. Nf3 d5 8. cxd5 exd5 9. O-O a6 10. Ne5 Nbd7 11. Rc1 Bd6 12. f4 c5 13. Qf3 Rc8 14. Qh3 Rc7 15. Be1 Ne4 16. Bh4 Qe8 17. Bxe4 dxe4 18. Nc4 Be7 19. d5 Bxh4 20. Qxh4 b5 21. Nd6 Qa8 22. Nf5 Nb6 23. Nxe4 Nxd5 24. Rf3 Nxe3 25. Nf6+ gxf6 26. Qg3+ 1-0


[Site "https://www.chess.com"]

[Event "Titled Tuesday Blitz August 10 2021"]
[White "Garcia Ramos, Daniel"]
[Black "Bortnyk, Olexandr"]
[WhiteFideId "32010311"]
[BlackFideId "14120828"]
[WhiteElo "2321"]
[BlackElo "2723"]
[Result "0-1"]
[Round "02"]
[TimeControl "180+1"]
[Date "2021.08.10"]
[WhiteClock "0:00:05"]
[BlackClock "0:00:30"]

1. c4 f5 2. g3 Nf6 3. Bg2 d6 4. Nc3 g6 5. Nf3 Bg7 6. d4 O-O 7. O-O c6 8. d5 e5 9. dxe6 Bxe6 10. b3 Ne4 11. Nxe4 fxe4 12. Nd4 Bf7 13. Rb1 d5 14. c5 a5 15. a3 Nd7 16. b4 axb4 17. axb4 Ne5 18. Bf4 Qe7 19. h4 Nc4 20. e3 Ra2 21. b5 Qxc5 22. bxc6 bxc6 23. Rb7 Rfa8 24. Qg4 Bxd4 25. exd4 Qxd4 26. Qd7 Rf8 27. Bh6 Ne5 28. Qd6 Re8 29. Rb8 Ra8 30. Rfb1 Nc4 31. Qxc6 Raxb8 32. Rxb8 Rxb8 33. Qc7 Re8 34. Bh3 e3 35. fxe3 Nxe3 0-1


[Site "https://www.chess.com"]

[Event "Titled Tuesday Blitz August 10 2021"]
[White "Gasanov, Zaur"]
[Black "Svane, Rasmus"]
[WhiteFideId "34125970"]
[BlackFideId "4657101"]
[WhiteElo "2099"]
[BlackElo "2669"]
[Result "0-1"]
[Round "02"]
[TimeControl "180+1"]
[Date "2021.08.10"]
[WhiteClock "0:00:12"]
[BlackClock "0:00:12"]

1. d4 Nf6 2. Nf3 d5 3. c4 e6 4. g3 a6 5. Bg2 dxc4 6. a4 Nc6 7. O-O Rb8 8. e3 b5 9. axb5 axb5 10. b3 cxb3 11. Qxb3 Bd6 12. Qc2 Nb4 13. Qe2 O-O 14. e4 Be7 15. Bf4 Nh5 16. Be3 Bb7 17. Nc3 c6 18. Ne5 Nf6 19. f4 Nd7 20. Nf3 c5 21. Rfd1 Qb6 22. d5 exd5 23. exd5 Bf6 24. Rac1 Rfe8 25. Qf2 Rbc8 26. d6 Bxc3 27. Rxc3 Nd5 28. Rcd3 Nxe3 29. Rxe3 b4 30. Ne5 Nxe5 31. fxe5 Rcd8 32. Rf1 Rf8 33. Bxb7 Qxb7 34. Qf5 Qd7 35. e6 fxe6 36. Qxc5 Rxf1+ 37. Kxf1 Qxd6 38. Qxd6 Rxd6 39. Re4 Rb6 40. Re5 b3 41. Re1 b2 42. Rb1 Kf7 43. Ke2 Kf6 44. Kd3 Kf5 45. Kc3 Kg4 46. Rxb2 Rxb2 47. Kxb2 Kh3 48. Kc3 Kxh2 49. Kd4 Kxg3 50. Ke5 h5 51. Kxe6 h4 0-1


[Site "https://www.chess.com"]

[Event "Titled Tuesday Blitz August 10 2021"]
[White "Giroyan, Gary"]
[Black "Nguyen, Ngoc Truong Son"]
[WhiteFideId "680281"]
[BlackFideId "12401110"]
[WhiteElo "2420"]
[BlackElo "2596"]
[Result "0-1"]
[Round "02"]
[TimeControl "180+1"]
[Date "2021.08.10"]
[WhiteClock "0:01:19"]
[BlackClock "0:00:56"]

1. d4 Nf6 2. c4 e6 3. Nc3 Bb4 4. e3 c5 5. Nf3 O-O 6. Bd3 d5 7. O-O dxc4 8. Bxc4 Nc6 9. a3 Ba5 10. d5 exd5 11. Nxd5 Be6 12. Nxf6+ Qxf6 13. Bxe6 Qxe6 14. Qc2 c4 15. Bd2 Bxd2 16. Nxd2 Ne5 17. Rac1 b5 18. b3 Rac8 19. bxc4 bxc4 20. Qc3 Rfd8 21. Ne4 Nd3 22. Ng5 Qg6 23. h4 h6 24. Nf3 Nxc1 25. Rxc1 Qd3 26. Qb4 c3 27. Nd4 Qd2 28. Nb3 Qb2 0-1


[Site "https://www.chess.com"]

[Event "Titled Tuesday Blitz August 10 2021"]
[White "Gupta, Abhijeet"]
[Black "Cunha, Lucas Aguiar"]
[WhiteFideId "5010608"]
[BlackFideId "2125404"]
[WhiteElo "2549"]
[BlackElo "2361"]
[Result "1-0"]
[Round "02"]
[TimeControl "180+1"]
[Date "2021.08.10"]
[WhiteClock "0:00:54"]
[BlackClock "0:00:21"]

1. d4 Nf6 2. c4 e6 3. Nf3 b6 4. a3 Bb7 5. Nc3 d5 6. cxd5 Nxd5 7. Qc2 Be7 8. e4 Nxc3 9. bxc3 O-O 10. Bd3 Nd7 11. O-O c5 12. Bf4 Rc8 13. Qe2 cxd4 14. cxd4 Nf6 15. a4 Rc3 16. Bd2 Rxd3 17. Qxd3 Bxe4 18. Qe3 Bxf3 19. Qxf3 Qxd4 20. Be3 Qd5 21. Qh3 Bc5 22. Rfd1 Qe5 23. Bxc5 Qxc5 24. Rac1 Qb4 25. Ra1 h6 26. Qd3 Rc8 27. g3 Nd5 28. Rac1 Rxc1 29. Rxc1 g6 30. Qc2 a5 31. Rb1 Qd4 32. Rd1 Qb4 33. h4 h5 34. Rc1 Kf8 35. Qc8+ Kg7 36. Qc4 Qb2 37. Rc2 Qb1+ 38. Kg2 Qa1 39. Rc1 Qb2 40. Qc2 Qb4 41. Rb1 Qd4 42. Qb2 Qxb2 43. Rxb2 Kf6 44. Kf3 Ke5 45. Rc2 Kd6 46. Ke4 e5 47. Rc8 f5+ 48. Kd3 Nb4+ 49. Kc4 f4 50. Rg8 fxg3 51. Rxg6+ Kc7 52. Rxg3 e4 53. Re3 Nd3 54. Rxe4 Nxf2 55. Re5 Ng4 56. Rxh5 1-0


[Site "https://www.chess.com"]

[Event "Titled Tuesday Blitz August 10 2021"]
[White "Jakubowski, Krzysztof"]
[Black "Ibarra Jerez, Jose Carlos"]
[WhiteFideId "1112848"]
[BlackFideId "2226332"]
[WhiteElo "2414"]
[BlackElo "2602"]
[Result "0-1"]
[Round "02"]
[TimeControl "180+1"]
[Date "2021.08.10"]
[WhiteClock "0:00:02"]
[BlackClock "0:00:10"]

1. e4 c5 2. Nf3 Nc6 3. d4 cxd4 4. Nxd4 Qb6 5. Nb3 Nf6 6. Nc3 e6 7. Qe2 Bb4 8. Bd2 O-O 9. a3 Bxc3 10. Bxc3 e5 11. O-O-O Re8 12. f3 Rd8 13. g4 d6 14. Nd2 Be6 15. Qb5 Qc7 16. Bc4 d5 17. exd5 Nxd5 18. Bxd5 Rxd5 19. Qe2 Rc8 20. Ne4 Nd4 21. Bxd4 exd4 22. Rd2 Qf4 23. Kb1 Rdd8 24. Rhd1 Bc4 25. Qf2 d3 26. cxd3 Bb3 27. Re1 h6 28. Nc3 Qd6 29. Re4 Qa6 30. Qe3 Be6 31. d4 Bc4 32. Rd1 b5 33. d5 Bb3 34. Re1 Qa5 35. Re7 Bc4 36. Qf4 Rf8 37. Rc1 Bd3+ 38. Ka1 Rc4 39. Qd6 b4 0-1


[Site "https://www.chess.com"]

[Event "Titled Tuesday Blitz August 10 2021"]
[White "Kalashian, David"]
[Black "Lintchevski, Daniil"]
[WhiteFideId "13302418"]
[BlackFideId "4171055"]
[WhiteElo "2490"]
[BlackElo "2494"]
[Result "0-1"]
[Round "02"]
[TimeControl "180+1"]
[Date "2021.08.10"]
[WhiteClock "0:00:11"]
[BlackClock "0:01:36"]

1. e4 c6 2. d4 d5 3. Nc3 dxe4 4. Nxe4 Bf5 5. Ng3 Bg6 6. h4 h6 7. Nf3 Nd7 8. h5 Bh7 9. Bd3 Bxd3 10. Qxd3 e6 11. Bf4 Qa5+ 12. Bd2 Bb4 13. c3 Be7 14. c4 Qc7 15. O-O-O Ngf6 16. Ne4 b5 17. Nxf6+ Nxf6 18. cxb5 cxb5+ 19. Kb1 O-O 20. g4 Nxg4 21. Rhg1 f5 22. Rde1 Qd7 23. Qb3 Bf6 24. Rxe6 Kh8 25. Bb4 Rfe8 26. d5 a5 27. Bd2 a4 28. Rxe8+ Rxe8 29. Qd3 Nxf2 30. Qf1 Ne4 31. Bc1 a3 32. Nd2 axb2 33. Nxe4 bxc1=Q+ 0-1


[Site "https://www.chess.com"]

[Event "Titled Tuesday Blitz August 10 2021"]
[White "Katz, Alexander"]
[Black "Lashkin, Jegor"]
[WhiteFideId "2039796"]
[BlackFideId "13907808"]
[WhiteElo "2371"]
[BlackElo "2293"]
[Result "0-1"]
[Round "02"]
[TimeControl "180+1"]
[Date "2021.08.10"]
[WhiteClock "0:00:03"]
[BlackClock "0:00:08"]

1. e4 c5 2. Nf3 d6 3. d4 cxd4 4. Nxd4 Nf6 5. Nc3 a6 6. h4 e5 7. Nb3 Be7 8. Bg5 Be6 9. Qd2 Nbd7 10. O-O-O Rc8 11. f3 h5 12. Kb1 b5 13. f4 b4 14. Nd5 Bxd5 15. exd5 a5 16. Bb5 O-O 17. fxe5 Nxe5 18. Rhf1 Ne4 19. Qe2 Ng3 20. Qe3 Nxf1 21. Rxf1 Bxg5 22. hxg5 Qc7 23. Nd4 Qc5 24. Qe4 Nc4 25. Rd1 g6 26. Bd7 Rc7 27. Bc6 Ne5 28. Qf4 a4 29. Bxa4 Qxd5 30. Bb3 Qxg2 31. Nb5 Re7 32. Nxd6 Qg4 33. Qd2 Rd7 34. Re1 Nf3 35. Qd5 Nxe1 36. a4 Qf4 37. Qc5 Qxd6 38. Qf2 Qd2 39. Qf6 Rd6 40. Qe5 Nf3 41. Qe4 Nxg5 42. Qc4 Ne6 43. a5 Qd1+ 44. Ka2 Qd4 45. Qb5 Ra8 46. Ba4 Qc5 47. Qf1 Qxa5 48. b3 Nc5 49. Qf4 Nxa4 0-1


[Site "https://www.chess.com"]

[Event "Titled Tuesday Blitz August 10 2021"]
[White "King, Alexander"]
[Black "Sevian, Samuel"]
[WhiteFideId "2063620"]
[BlackFideId "2040506"]
[WhiteElo "2306"]
[BlackElo "2967"]
[Result "0-1"]
[Round "02"]
[TimeControl "180+1"]
[Date "2021.08.10"]
[WhiteClock "0:00:03"]
[BlackClock "0:01:26"]

1. c4 Nf6 2. g3 e6 3. Bg2 a6 4. Nc3 d5 5. cxd5 exd5 6. d4 Be7 7. Bg5 Be6 8. Nf3 Nbd7 9. O-O O-O 10. Ne5 c6 11. Nxd7 Qxd7 12. a3 Bh3 13. e3 Bxg2 14. Kxg2 Ne8 15. Bxe7 Qxe7 16. Re1 Nd6 17. Qd3 f5 18. Na4 Rae8 19. Nc5 Rf6 20. a4 Rh6 21. b4 g5 22. h3 Qf7 23. Rab1 Kh8 24. Rh1 f4 25. exf4 gxf4 26. g4 f3+ 27. Kg3 Ne4+ 28. Nxe4 dxe4 29. Qe3 Qf6 30. h4 Rg6 31. Kh3 Rxg4 32. Kxg4 Rg8+ 33. Qg5 Qxd4 34. Rbd1 Qxf2 35. Rd8 Qg2+ 36. Kf4 Qxg5+ 37. hxg5 Rxd8 38. Kxe4 f2 39. Rf1 Rf8 40. b5 axb5 41. axb5 cxb5 42. Ke3 Kg7 43. Ke2 Kg6 44. Kd2 Kxg5 45. Ke2 h5 46. Kd2 h4 47. Ke2 h3 48. Kd2 h2 49. Ke2 b4 50. Kd2 h1=Q 51. Ke2 0-1


[Site "https://www.chess.com"]

[Event "Titled Tuesday Blitz August 10 2021"]
[White "Klimkowski, Jan"]
[Black "Yoo, Christopher Woojin"]
[WhiteFideId "21856222"]
[BlackFideId "30909694"]
[WhiteElo "1945"]
[BlackElo "2105"]
[Result "0-1"]
[Round "02"]
[TimeControl "180+1"]
[Date "2021.08.10"]
[WhiteClock "0:00:12"]
[BlackClock "0:00:03"]

1. e4 c5 2. Nf3 e6 3. d4 cxd4 4. Nxd4 Nf6 5. Nc3 Nc6 6. Nxc6 bxc6 7. e5 Nd5 8. Ne4 Qc7 9. f4 Rb8 10. Bd3 Qb6 11. Qe2 Be7 12. c4 f5 13. exf6 Nxf6 14. Nc3 O-O 15. Rb1 Bc5 16. g4 d5 17. g5 dxc4 18. Bc2 Ne8 19. h4 e5 20. fxe5 Rf2 21. Qxc4+ Kh8 22. h5 Rxc2 23. h6 Ba6 24. hxg7+ Nxg7 25. Qe4 Rxc1+ 26. Rxc1 Bf2+ 27. Kd2 Rd8+ 28. Nd5 Rxd5+ 29. Qxd5 cxd5 0-1


[Site "https://www.chess.com"]

[Event "Titled Tuesday Blitz August 10 2021"]
[White "Kollars, Dmitrij"]
[Black "Mikhailovsky, Vladimir"]
[WhiteFideId "12909572"]
[BlackFideId "34105414"]
[WhiteElo "2576"]
[BlackElo "2315"]
[Result "1-0"]
[Round "02"]
[TimeControl "180+1"]
[Date "2021.08.10"]
[WhiteClock "0:01:26"]
[BlackClock "0:00:01"]

1. e4 c6 2. d4 d5 3. e5 Bf5 4. h4 h5 5. Bg5 Qb6 6. Bd3 Bxd3 7. Qxd3 e6 8. Nd2 Qa6 9. c4 dxc4 10. Nxc4 Nd7 11. Nf3 Nb6 12. b3 Nh6 13. O-O Nf5 14. Rfc1 Ba3 15. Rc2 Nd5 16. Qe4 O-O 17. Rd1 Bb4 18. Rd3 c5 19. a3 b5 20. Nd6 Nxd6 21. exd6 Bxa3 22. dxc5 Nb4 23. Rdc3 Nxc2 24. Rxc2 f6 25. Qxe6+ Kh8 26. Be3 Rac8 27. Qf5 Qb7 28. c6 Rxc6 29. Qxh5+ Kg8 30. Qd5+ Rf7 31. Qxc6 Qxc6 32. Rxc6 a5 33. Nd4 1-0


[Site "https://www.chess.com"]

[Event "Titled Tuesday Blitz August 10 2021"]
[White "Kovalev, Vladislav"]
[Black "Iskusnyh, Sergei"]
[WhiteFideId "13504398"]
[BlackFideId "4120027"]
[WhiteElo "2573"]
[BlackElo "2492"]
[Result "1-0"]
[Round "02"]
[TimeControl "180+1"]
[Date "2021.08.10"]
[WhiteClock "0:00:10"]
[BlackClock "0:00:02"]

1. e4 e6 2. d4 d5 3. Nd2 c5 4. Ngf3 Nc6 5. exd5 exd5 6. Bb5 cxd4 7. O-O Bd6 8. Nb3 Ne7 9. Nbxd4 O-O 10. h3 Nxd4 11. Nxd4 Bc7 12. c3 Qd6 13. Nf3 Bf5 14. Bd3 Rad8 15. Re1 Bg6 16. Bg5 f6 17. Bh4 Bb6 18. Qc2 Rfe8 19. Kf1 Qd7 20. Bg3 Nf5 21. Bf4 Ne7 22. Be3 Bc7 23. a4 a6 24. Bc5 Bxd3+ 25. Qxd3 Nc6 26. Rxe8+ Qxe8 27. Re1 Qf7 28. Bd4 Qd7 29. b3 Re8 30. Rxe8+ Qxe8 31. Be3 Qe6 32. Nd4 Qe5 33. Nxc6 bxc6 34. Qxa6 h5 35. Qxc6 Kh7 36. b4 Bd8 37. Qb5 Qe4 38. Ke2 Qc2+ 39. Bd2 Qe4+ 40. Kf1 Qb1+ 41. Be1 1-0


[Site "https://www.chess.com"]

[Event "Titled Tuesday Blitz August 10 2021"]
[White "Leiva, Gianmarco"]
[Black "Zhigalko, Sergei"]
[WhiteFideId "3804399"]
[BlackFideId "13502956"]
[WhiteElo "2365"]
[BlackElo "2662"]
[Result "0-1"]
[Round "02"]
[TimeControl "180+1"]
[Date "2021.08.10"]
[WhiteClock "0:00:03"]
[BlackClock "0:00:34"]

1. e4 c5 2. Nf3 Nc6 3. Bb5 Nf6 4. Nc3 Qc7 5. O-O Nd4 6. Re1 a6 7. Bf1 Ng4 8. g3 Nxf3+ 9. Qxf3 Ne5 10. Qe2 e6 11. d3 d6 12. f4 Nc6 13. Be3 Be7 14. Qf2 O-O 15. Bg2 b6 16. g4 Bb7 17. f5 Bf6 18. g5 Be5 19. Rf1 Nd4 20. f6 Kh8 21. Rac1 gxf6 22. gxf6 Rg8 23. Bh6 Rg6 24. Bg7+ Kg8 25. Kh1 Qd8 26. Nd1 Nf5 27. c3 Rc8 28. Ne3 Nxg7 29. fxg7 Rxg7 30. Rg1 Qf6 31. Bf3 Rg6 32. Ng4 Qg7 33. Nxe5 Qxe5 34. Qe2 d5 35. Bh5 dxe4 36. Bxg6 hxg6 37. dxe4 Qxe4+ 38. Qxe4 Bxe4+ 39. Rg2 Rd8 40. Re1 Bxg2+ 41. Kxg2 Rd2+ 0-1


[Site "https://www.chess.com"]

[Event "Titled Tuesday Blitz August 10 2021"]
[White "Makhnev, Denis"]
[Black "Krishnan, Varun"]
[WhiteFideId "13707647"]
[BlackFideId "5054508"]
[WhiteElo "2537"]
[BlackElo "2604"]
[Result "1-0"]
[Round "02"]
[TimeControl "180+1"]
[Date "2021.08.10"]
[WhiteClock "0:00:57"]
[BlackClock "0:00:06"]

1. d4 d5 2. c4 e6 3. Nf3 Nf6 4. g3 Be7 5. Bg2 O-O 6. O-O dxc4 7. Qc2 a6 8. a4 Bd7 9. Qxc4 Bc6 10. Bf4 Nbd7 11. Nc3 Nb6 12. Qb3 Nbd5 13. Rfd1 Nxf4 14. gxf4 Nd5 15. e3 Bd6 16. Ne5 Nxc3 17. Nxc6 Ne2+ 18. Kf1 bxc6 19. Kxe2 Rb8 20. Qc2 Qe7 21. Bxc6 Rb4 22. b3 Rfb8 23. Rd3 Qh4 24. Bf3 f6 25. Rg1 e5 26. fxe5 fxe5 27. dxe5 Bxe5 28. Qc5 Qf6 29. Rd7 Bd6 30. Rgxg7+ Qxg7 31. Rxg7+ Kxg7 32. Qg5+ Kf7 33. Bd5+ Ke8 34. Be6 c5 35. Qg8+ Bf8 36. Qf7+ 1-0


[Site "https://www.chess.com"]

[Event "Titled Tuesday Blitz August 10 2021"]
[White "Mamedov, Rauf"]
[Black "Gelman, Alexander"]
[WhiteFideId "13401653"]
[BlackFideId "4118316"]
[WhiteElo "2657"]
[BlackElo "2375"]
[Result "1/2-1/2"]
[Round "02"]
[TimeControl "180+1"]
[Date "2021.08.10"]
[WhiteClock "0:00:13"]
[BlackClock "0:00:13"]

1. e4 c5 2. Nf3 e6 3. c3 Nc6 4. d4 d5 5. e5 Bd7 6. Bd3 cxd4 7. O-O Qb6 8. Re1 Nge7 9. h4 h6 10. h5 Rc8 11. Nbd2 dxc3 12. bxc3 Na5 13. Rb1 Qc7 14. Nb3 Nxb3 15. axb3 Nc6 16. Bf4 Bc5 17. Rc1 Qb6 18. Re2 a5 19. Rb1 Be7 20. Rd2 Na7 21. c4 Bc6 22. Rc1 dxc4 23. Bxc4 O-O 24. Be3 Bxf3 25. Qxf3 Bc5 26. Bf4 Rfd8 27. Rcd1 Rxd2 28. Rxd2 Nc6 29. Qg3 Kh8 30. Rd7 Rc7 31. Rd1 Nd4 32. Kh1 Rd7 33. Qg4 Rd8 34. Be3 Nc6 35. Rxd8+ Nxd8 36. Bxc5 Qxc5 37. f4 Qd4 38. Qf3 Nc6 39. Bb5 Qd5 40. Qf1 Nd4 41. Bc4 Qe4 42. Bd3 Qe3 43. Bb1 Ne2 44. Qd1 Nd4 45. g3 Qf3+ 46. Qxf3 Nxf3 47. Kg2 Nd4 48. Ba2 Kg8 49. Kf2 Kf8 50. Ke3 Nc6 51. Bb1 Ke7 52. Kd3 f6 53. Kc4 fxe5 54. fxe5 Nxe5+ 55. Kb5 Kd6 56. Be4 Kc7 57. Kxa5 Nd7 58. Kb5 Nf6 59. Bf3 Nd7 60. Be2 Ne5 61. Kc5 Nd7+ 62. Kd4 Kd6 63. b4 b6 64. Ke4 Nf6+ 65. Kd4 e5+ 66. Kc4 Ne4 67. Bd3 Nxg3 68. Kb5 Kc7 69. Bg6 e4 70. Kc4 Kd6 71. Kd4 Kc6 72. Ke3 Kb5 73. Kf4 Ne2+ 74. Kxe4 Kxb4 75. Ke5 b5 76. Ke6 Kc5 77. Kf7 Nf4 78. Kxg7 Nxh5+ 79. Bxh5 b4 80. Kxh6 b3 81. Bg6 b2 1/2-1/2


[Site "https://www.chess.com"]

[Event "Titled Tuesday Blitz August 10 2021"]
[White "Mortazavi, Ali"]
[Black "Bok, Benjamin"]
[WhiteFideId "401323"]
[BlackFideId "1017063"]
[WhiteElo "2339"]
[BlackElo "2658"]
[Result "0-1"]
[Round "02"]
[TimeControl "180+1"]
[Date "2021.08.10"]
[WhiteClock "0:00:03"]
[BlackClock "0:00:17"]

1. e4 c5 2. Nc3 d6 3. f4 g6 4. Nf3 Bg7 5. Bb5+ Bd7 6. a4 e6 7. f5 Ne7 8. fxe6 fxe6 9. Bc4 O-O 10. O-O Nbc6 11. Ng5 Nd4 12. Nb5 d5 13. Ba2 h6 14. Nf3 Nxb5 15. axb5 dxe4 16. Nh4 g5 17. Rxf8+ Qxf8 18. c3 gxh4 19. d3 Bxb5 20. Bxe6+ Kh8 21. c4 Bc6 22. Bd2 exd3 23. Kh1 Qf2 24. Bh3 Ng6 25. Qh5 Rf8 26. Rg1 Qxd2 27. Qxg6 Qg5 28. Qxd3 Bd4 29. Rf1 Rxf1+ 30. Qxf1 Kg7 31. Qe2 Qc1+ 0-1


[Site "https://www.chess.com"]

[Event "Titled Tuesday Blitz August 10 2021"]
[White "Moussard, Jules"]
[Black "Azaladze, Shota"]
[WhiteFideId "642908"]
[BlackFideId "13603027"]
[WhiteElo "2644"]
[BlackElo "2452"]
[Result "1-0"]
[Round "02"]
[TimeControl "180+1"]
[Date "2021.08.10"]
[WhiteClock "0:00:27"]
[BlackClock "0:00:22"]

1. Nf3 g6 2. d4 Bg7 3. e3 d6 4. Be2 e5 5. b4 e4 6. Nfd2 f5 7. O-O Nf6 8. c4 c5 9. Bb2 O-O 10. dxc5 dxc5 11. b5 Be6 12. Nb3 Nbd7 13. Qd6 Re8 14. Nc3 Qb8 15. Rfd1 Qxd6 16. Rxd6 b6 17. Na4 Re7 18. Rad1 Nf8 19. h3 Rd7 20. Nbxc5 Rxd6 21. Rxd6 bxc5 22. Nxc5 Ne8 23. Ra6 Bxb2 24. Nxe6 Nxe6 25. Rxe6 Ba3 26. Rc6 Rd8 27. c5 Rd2 28. Bc4+ Kf8 29. Bb3 Ke7 30. h4 Rd3 31. b6 axb6 32. cxb6 Nd6 33. Rc7+ Kd8 34. Rxh7 Bc5 35. b7 Ba7 36. Rg7 Rc3 37. g3 Rc7 38. Rxg6 Nxb7 39. Rg8+ Ke7 40. h5 Kf6 41. Rg6+ Ke7 42. Rg7+ Kd6 43. Rxc7 Kxc7 44. h6 1-0


[Site "https://www.chess.com"]